Map: Frost LE

Players

Amis - Winner!

  • Race: Terran Terran
  • League: Master

Warez

  • Race: Terran Terran
  • League: Master

VOD

Have the link to the VOD?

Description

Time

  • Played on: Aug. 3, 2016, 8:59 p.m.
  • Length: 24:21
Show
View Real Time Build Order
Export as new Build Order

Amis Terran - Winner!

Build Orders: Reaper Expand, Bio Tank 

Get SALT Encoding   

  12  0:00  SCV  
  13  0:13  SCV  
  14  0:18  Supply Depot  
  14  0:25  SCV  
  15  0:39  SCV  
  15  0:41  Barracks  
  16  0:46  Refinery  
  16  0:51  SCV  
  17  1:03  SCV  
  18  1:15  SCV  
  19  1:30  Reaper  
  20  1:34  Orbital Command  
  20  1:48  Command Center  
  20  2:00  SCV  
  21  2:08  Factory  
  21  2:12  Marine  
  21  2:15  SCV  
  23  2:17  Supply Depot  
  23  2:21  Refinery  
  23  2:35  Barracks Reactor  
  23  2:39  SCV  
  25  2:51  SCV  
  25  2:54  Factory Tech Lab  
  25  2:59  Orbital Command  
  25  3:03  SCV  
  25  3:05  Starport  
  26  3:12  Bunker  
  26  3:13  Marine x2  
  26  3:15  SCV  
  29  3:20  Siege Tank  
  29  3:25  SCV  
  33  3:27  SCV  
  34  3:38  SCV  
  36  3:41  SCV  
  36  3:43  Supply Depot  
  36  3:45  Medivac  
  36  3:46  Marine x2  
  40  3:50  SCV  
  40  3:53  SCV  
  42  4:02  Siege Tank, SCV  
  46  4:05  SCV  
  46  4:07  Supply Depot  
  46  4:09  Marine x2  
  49  4:14  SCV  
  49  4:16  Liberator  
  49  4:19  SCV  
  50  4:26  SCV  
  51  4:34  Marine x2  
  51  4:36  SCV  
  57  4:38  SCV  
  57  4:39  Command Center, Refinery  
  58  4:48  SCV  
  58  4:51  Barracks x2, SCV  
  60  5:00  SCV  
  60  5:01  Refinery  
  60  5:03  SCV  
  62  5:14  Supply Depot x2  
  62  5:16  Marine x2, SCV x2  
  62  5:18  Engineering Bay  
  62  5:19  Starport Reactor  
  66  5:28  SCV x2  
  68  5:34  Engineering Bay  
  68  5:40  SCV x2  
  70  6:10  Orbital Command  
  67  6:12  Barracks Tech Lab  
  67  6:13  Barracks Tech Lab  
  67  6:14  Siege Tank  
  67  6:15  Supply Depot  
  67  6:16  Terran Infantry Armor Level 1, Terran Infantry Weapons Level 1  
  67  6:17  Supply Depot  
  67  6:18  SCV x2  
  72  6:19  Barracks  
  72  6:20  Barracks  
  68  6:30  Orbital Command, SCV x2  
  68  6:31  Marine x2  
  72  6:33  Combat Shields, Stimpack  
  72  6:49  SCV x2  
  72  6:50  Marine x2  
  72  6:51  Marauder, Marine  
  72  6:52  Medivac x2  
  83  7:00  Siege Tank  
  86  7:01  SCV  
  86  7:02  SCV  
  86  7:05  Missile Turret  
  88  7:08  Missile Turret  
  88  7:09  Missile Turret  
  88  7:10  Barracks Reactor x2  
  88  7:13  SCV  
  88  7:14  SCV x2  
  91  7:21  Marine x2  
  93  7:26  Refinery, SCV x2  
  93  7:28  Marauder x2  
  98  7:32  SCV  
  98  7:33  Armory  
  99  7:38  SCV x2  
  99  7:41  Medivac x2  
  99  7:43  Marine x2  
  107  7:45  SCV  
  107  7:48  Supply Depot  
  107  7:50  Supply Depot, SCV  
  109  7:52  Marine x2  
  109  7:56  Marine x3  
  114  8:02  SCV x3  
  114  8:04  Factory  
  117  8:06  Refinery  
  117  8:14  Sensor Tower, SCV x3  
  117  8:16  Siege Tank  
  123  8:20  Terran Infantry Weapons Level 2, Terran Infantry Armor Level 2  
  123  8:22  Medivac x2  
  127  8:27  Supply Depot  
  127  8:28  Marine x3, Supply Depot  
  127  8:32  Marine x3  
  133  8:39  Marine x2  
  135  8:42  Supply Depot  
  135  8:46  Marine x2  
  135  8:47  Supply Depot  
  137  8:49  Supply Depot, Terran Vehicle Weapons Level 1, Missile Turret  
  137  8:50  Supply Depot  
  137  9:00  Marine x2  
  137  9:01  Marine x3  
  137  9:02  Siege Tank  
  145  9:04  Factory Tech Lab  
  145  9:10  Medivac x2  
  145  9:16  Marauder  
  151  9:25  Barracks  
  151  9:28  Marauder, Marine x2, Barracks  
  151  9:29  Command Center  
  155  9:34  Siege Tank  
  155  9:37  Marauder  
  160  9:40  Marine  
  160  9:41  Marine x3  
  164  9:45  Marine  
  164  9:49  Marauder  
  147  9:57  Marine  
  147  9:58  Marine  
  147  9:59  Marauder, Marine x3  
  126  10:00  Medivac x2  
  126  10:03  Marine  
  120  10:11  Marauder  
  120  10:14  Barracks Tech Lab  
  119  10:15  Marine  
  119  10:16  Marine, Siege Tank x2  
  119  10:17  Marine  
  119  10:20  Marauder  
  130  10:23  Barracks Tech Lab  
  130  10:32  Marauder  
  132  10:37  Medivac, Marauder  
  132  10:38  Marine  
  137  10:43  Planetary Fortress, Missile Turret  
  137  10:46  Command Center  
  137  10:48  Marauder x2, Marine, Siege Tank x2  
  147  10:55  Marauder, Marine x2  
  151  10:58  Marauder  
  151  11:04  Marine x3  
  154  11:10  Marine, Marauder  
  154  11:11  Marauder  
  154  11:20  Siege Tank  
  154  11:22  Marine x2  
  154  11:23  Marauder, Marine  
  151  11:38  Marauder, Marine x2  
  146  11:44  Medivac x2  
  146  11:45  Terran Infantry Weapons Level 3  
  146  11:46  Terran Infantry Armor Level 3, Terran Vehicle Weapons Level 2  
  150  11:51  Starport  
  150  11:53  Barracks  
  141  12:03  Siege Tank  
  141  12:04  Marine x2  
  146  12:14  Medivac x2  
  150  12:23  Marauder x2, Marine  
  150  12:26  Marauder, Marine x2  
  150  12:27  Marauder, Missile Turret  
  161  12:31  Marine x2  
  148  12:44  Medivac x2, Marauder  
  148  12:45  Marauder  
  148  12:47  Marauder  
  148  12:48  Marauder, Marine x3  
  148  12:51  Marine x3  
  145  12:55  Barracks Tech Lab  
  139  13:04  Planetary Fortress  
  127  13:06  Marauder x2  
  127  13:09  Marauder  
  127  13:12  Missile Turret  
  127  13:14  Medivac x2  
  131  13:21  Marauder x2, Siege Tank  
  131  13:23  Marine x3  
  141  13:27  Marauder x2  
  145  13:35  Marauder  
  145  13:36  Siege Tank  
  145  13:37  Marine x2  
  145  13:40  Refinery  
  145  13:41  Refinery  
  152  13:42  Marauder x2  
  152  13:44  Medivac  
  148  13:59  Marauder, Marine x3  
  148  14:01  Marauder, Marine  
  145  14:04  Marauder, Marine  
  145  14:05  Siege Tank  
  145  14:08  Siege Tank  
  141  14:15  Marine  
  141  14:16  Marauder, Marine x2  
  138  14:19  Marine  
  138  14:20  Marauder, Marine  
  138  14:23  Hi-Sec Auto Tracking  
  137  14:31  Command Center  
  137  14:42  Marine x2  
  137  14:43  Marauder x2  
  142  14:49  Marauder, Marine x2  
  142  14:51  Marauder, Marine x2  
  146  14:59  Marauder  
  145  15:00  Marine  
  145  15:03  Marine  
  145  15:04  Marauder, Marine  
  145  15:05  Siege Tank  
  145  15:07  Marine  
  137  15:18  Refinery  
  137  15:19  Refinery  
  137  15:20  Siege Tank  
  129  15:25  Marauder  
  129  15:27  SCV  
  120  15:30  SCV  
  120  15:31  SCV  
  124  15:35  Marauder  
  124  15:37  Siege Tank  
  127  15:52  Siege Tank  
  127  15:54  SCV x2  
  132  15:58  Missile Turret  
  132  16:09  Siege Tank  
  132  16:10  Marauder, Marine x2  
  135  16:13  Medivac x2  
  139  16:23  Marine  
  139  16:24  Marauder, Siege Tank  
  139  16:39  Marine  
  133  16:40  Marine x4  
  133  16:41  Siege Tank  
  133  16:43  Medivac x2  
  135  16:48  Planetary Fortress  
  135  16:51  Missile Turret  
  135  16:54  SCV x4  
  135  16:56  Marauder, Marine, Siege Tank  
  145  17:05  Marauder x2, Marine x2  
  145  17:08  Marauder  
  153  17:12  Medivac  
  153  17:13  Medivac, Siege Tank  
  155  17:20  Marauder, Marine x2  
  159  17:29  Siege Tank  
  151  17:53  Marauder x2, Marine x3  
  151  17:54  Medivac x2, Marauder x2  
  141  18:13  Marine x2  
  141  18:14  Marauder, Marine x3  
  141  18:15  Marauder x2  
  129  18:48  Marauder, Marine x4  
  113  18:50  Marine x5  
  107  19:01  SCV x3  
  109  19:05  Marine x2  
  109  19:06  Marine x2  
  110  19:23  Medivac x2  
  114  19:25  Marine, Marauder x2  
  114  19:26  Marine, Marauder x2  
  114  19:28  Thor  
  114  19:29  Thor  
  127  19:42  Marine x2  
  128  19:47  Marauder x4  
  128  19:50  Refinery  
  128  19:52  Missile Turret  
  135  19:53  Medivac x2  
  135  19:58  Refinery x2  
  140  20:00  SCV x4  
  143  20:09  Marauder x2  
  143  20:12  Siege Tank x2  
  152  20:33  Marauder x2, Marine x2  
  154  20:44  Siege Tank x2  
  151  20:51  Marauder  
  151  20:52  Marauder  
  153  21:03  Marauder x2, Marine x2  
  153  21:04  Medivac x2  
  156  21:16  SCV x2, Siege Tank x2  
  156  21:17  SCV x3  
  167  21:38  Marauder, Marine  
  157  21:41  Marine x3  
  157  21:42  Marauder  
  157  21:44  Marauder, Marine x2  
  147  21:58  Marauder, Marine  
  147  21:59  Marine x3  
  143  22:10  SCV  
  143  22:12  Marine x4  
  139  22:20  Medivac x2  
  143  22:23  SCV x2  
  143  22:24  SCV  
  136  22:37  Marine x2  
  136  22:38  Marauder  
  136  22:42  Marauder x2, Marine x2  
  146  22:50  Medivac, Viking  
  135  22:57  Marine x4  
  135  22:58  Marine x2  
  131  23:00  Marine x2  
  131  23:03  Marine x2  
  134  23:15  Marine x5  
  134  23:16  Marine  
  134  23:17  Marine x2  
  129  23:20  Medivac  
  129  23:21  Marine x2  
  129  23:25  Missile Turret  
  124  23:33  Marine x2  
  124  23:34  Marauder  
  122  23:35  Marauder  
  121  23:42  Siege Tank x2  
  121  23:45  Marine x2  
  121  23:46  Marine x2  
  111  24:02  Marine  
  111  24:03  Marine  
Show
View Real Time Build Order
Export as new Build Order

Warez Terran 

Build Orders: Mech 

Get SALT Encoding   

  12  0:00  SCV  
  13  0:12  SCV  
  14  0:17  Supply Depot  
  14  0:24  SCV  
  15  0:39  Barracks, SCV  
  16  0:46  Refinery  
  16  0:51  SCV  
  17  1:03  SCV  
  18  1:15  SCV  
  19  1:27  Orbital Command  
  19  1:28  Marine  
  20  1:48  Command Center  
  20  1:50  Marine  
  21  1:56  SCV  
  22  2:08  Supply Depot, SCV  
  23  2:16  Barracks Reactor  
  23  2:22  Factory  
  23  2:30  SCV  
  23  2:35  Refinery  
  24  2:42  SCV  
  25  2:51  Marine x2  
  25  2:54  SCV  
  28  3:01  Orbital Command  
  28  3:05  Factory Tech Lab  
  28  3:06  SCV  
  28  3:08  Starport  
  28  3:10  Marine  
  28  3:11  Marine  
  31  3:18  SCV  
  31  3:19  Orbital Command  
  32  3:26  Cyclone  
  36  3:30  Supply Depot, SCV  
  37  3:42  SCV  
  37  3:43  Marine x2  
  37  3:45  Medivac  
  37  3:47  SCV  
  43  3:52  Supply Depot  
  43  3:54  SCV  
  44  3:58  Siege Tank  
  44  3:59  SCV  
  44  4:02  Marine  
  48  4:05  Marine  
  48  4:06  SCV  
  51  4:11  SCV  
  51  4:16  Supply Depot  
  52  4:18  Starport Tech Lab  
  52  4:19  SCV  
  52  4:20  Marine  
  52  4:22  Supply Depot  
  52  4:23  Marine, SCV  
  56  4:31  SCV  
  57  4:33  Hellion  
  57  4:35  SCV  
  57  4:36  Raven  
  57  4:38  Marine  
  62  4:41  Marine  
  62  4:43  SCV  
  65  4:47  SCV  
  65  4:49  Supply Depot  
  66  4:54  Supply Depot  
  66  4:55  SCV  
  66  4:57  Marine  
  66  4:59  Marine, SCV  
  70  5:01  Siege Tank  
  73  5:07  SCV  
  73  5:11  SCV  
  75  5:19  Command Center, SCV  
  78  5:23  Refinery, SCV  
  78  5:25  Refinery  
  77  5:31  SCV  
  77  5:34  Barracks Reactor, Supply Depot  
  77  5:35  Viking, SCV  
  80  5:37  Viking  
  80  5:38  Supply Depot  
  82  5:43  SCV  
  82  5:48  SCV  
  81  5:55  SCV  
  82  6:00  SCV  
  77  6:08  SCV  
  77  6:09  Viking, Siege Tank  
  81  6:12  SCV  
  82  6:20  SCV  
  82  6:21  Supply Depot x2  
  82  6:24  SCV  
  84  6:30  Viking  
  84  6:32  Orbital Command, SCV  
  87  6:36  SCV  
  88  6:40  Engineering Bay  
  88  6:43  Siege Tank  
  88  6:45  SCV  
  92  6:48  SCV  
  93  6:54  Factory  
  93  6:56  Factory  
  93  6:57  SCV  
  93  7:00  SCV  
  95  7:09  SCV  
  95  7:12  SCV  
  97  7:16  Siege Tank  
  97  7:17  Supply Depot  
  97  7:18  Supply Depot, Orbital Command, Missile Turret x2  
  97  7:21  SCV  
  101  7:24  SCV  
  102  7:33  SCV  
  102  7:36  Viking x2, SCV  
  108  7:40  Missile Turret  
  108  7:41  Missile Turret  
  108  7:42  Missile Turret x2  
  108  7:44  Missile Turret  
  108  7:45  SCV x2  
  108  7:48  SCV, Siege Tank  
  108  7:49  Siege Tank  
  108  7:50  Hellion x2  
  121  7:56  Missile Turret  
  121  7:57  SCV x2  
  121  7:58  Supply Depot, Refinery  
  123  7:59  Supply Depot  
  123  8:01  Refinery, SCV  
  123  8:05  Missile Turret  
  124  8:08  Armory  
  124  8:09  SCV  
  124  8:10  Armory  
  125  8:19  Viking  
  131  8:20  Hellion x2  
  131  8:22  Supply Depot  
  131  8:23  Supply Depot  
  131  8:24  Siege Tank  
  134  8:27  Siege Tank  
  137  8:40  Viking  
  139  8:43  Hellion  
  139  8:44  Hellion  
  143  8:49  Missile Turret  
  143  8:51  Missile Turret  
  137  8:55  Viking  
  137  8:56  Command Center, Terran Vehicle Weapons Level 1  
  137  9:00  Siege Tank  
  137  9:02  Terran Vehicle And Ship Armor Level 1  
  140  9:06  Siege Tank  
  140  9:07  Hellion x2  
  147  9:20  Supply Depot  
  147  9:21  Command Center, Supply Depot  
  147  9:28  Infernal Pre-Igniter, Command Center  
  147  9:30  Hellion x2, Factory  
  151  9:32  Factory  
  151  9:33  Siege Tank  
  154  9:39  Hellion  
  154  9:43  Supply Depot  
  154  9:45  Viking x2, Supply Depot  
  149  9:55  Hellion  
  129  10:00  Siege Tank  
  129  10:06  Hellbat, Siege Tank  
  132  10:15  Factory Tech Lab  
  132  10:16  Factory Tech Lab, Viking  
  134  10:23  Hellion x3  
  134  10:24  Hellion  
  136  10:28  Hellbat  
  136  10:29  Hellbat  
  136  10:32  Siege Tank  
  141  10:38  Planetary Fortress, Siege Tank  
  141  10:39  Missile Turret  
  141  10:42  Command Center  
  144  10:43  Sensor Tower  
  144  10:49  Refinery, Missile Turret  
  144  10:51  Refinery  
  144  10:52  Hellion, Siege Tank x2  
  152  10:59  Hellion  
  150  11:04  Hellbat  
  150  11:10  Hellbat  
  147  11:13  Hellbat  
  144  11:20  Hellion  
  144  11:24  Hellion  
  137  11:28  Siege Tank  
  137  11:29  Viking x2, Siege Tank  
  137  11:31  Hellbat  
  137  11:32  Hellion x4  
  147  11:34  Command Center  
  147  11:38  Terran Vehicle Weapons Level 2  
  147  11:49  Liberator x2  
  147  12:07  Siege Tank  
  147  12:08  Hellbat x4  
  164  12:09  Hellbat  
  158  12:19  Terran Vehicle And Ship Armor Level 2  
  158  12:29  Hellion  
  160  12:34  Sensor Tower, Siege Tank  
  160  12:35  Hellion  
  160  12:36  Missile Turret  
  160  12:49  Hellion, Siege Tank  
  160  12:50  Hellion  
  149  12:58  Hellbat  
  145  12:59  Hellion x4, SCV  
  145  13:00  SCV  
  147  13:06  SCV  
  147  13:07  Siege Tank  
  147  13:11  SCV  
  147  13:12  SCV  
  153  13:19  SCV  
  154  13:23  SCV  
  154  13:24  SCV  
  154  13:25  Missile Turret  
  154  13:27  Orbital Command  
  156  13:30  Siege Tank  
  156  13:31  SCV x2  
  161  13:35  SCV  
  161  13:38  SCV  
  163  13:43  SCV x2  
  163  13:47  SCV  
  163  13:59  Missile Turret  
  151  14:03  Siege Tank x2  
  151  14:04  Hellbat, Siege Tank  
  156  14:12  Planetary Fortress  
  133  14:27  Missile Turret  
  133  14:28  Refinery  
  133  14:30  Refinery  
  131  14:39  Hellbat, Siege Tank x2  
  131  14:40  Missile Turret  
  131  14:42  Missile Turret  
  124  14:53  Siege Tank  
  124  14:54  Hellbat  
  125  15:06  Hellbat  
  123  15:07  Factory Tech Lab  
  123  15:10  Viking x2  
  123  15:11  Siege Tank  
  127  15:31  Factory Tech Lab x2, Hellbat, Siege Tank  
  132  15:42  Hellbat  
  134  15:43  Siege Tank  
  134  15:48  Orbital Command  
  136  15:57  Siege Tank  
  136  15:58  Hellbat x2  
  136  16:03  Siege Tank  
  136  16:04  Hellbat  
  148  16:05  Orbital Command  
  132  16:16  Siege Tank  
  133  16:19  SCV x2  
  127  16:32  Hellion x2, Siege Tank  
  129  16:38  Hellion  
  129  16:39  Hellbat  
  123  16:47  SCV x4  
  123  16:53  Starport Reactor  
  126  16:59  SCV x4  
  126  17:01  Supply Depot  
  124  17:11  Hellion, Hellbat, Siege Tank x2  
  124  17:12  Hellion  
  125  17:29  Hellion  
  127  17:55  Refinery  
  127  18:00  Orbital Command  
  127  18:02  Refinery  
  127  18:05  Hellbat  
  119  18:21  Hellion x5  
  119  18:35  Hellion, Siege Tank x4  
  98  18:48  Orbital Command  
  96  18:58  Hellion  
  94  19:07  Hellbat, Siege Tank x3  
  103  19:12  Orbital Command  
  90  19:43  Hellion x2  
  90  19:44  Hellion, SCV x3  
  90  19:45  SCV  
  94  19:47  Missile Turret  
  94  19:52  Refinery  
  94  19:53  Missile Turret  
  94  19:54  Refinery  
  94  19:56  Missile Turret, SCV x2  
  96  20:00  Siege Tank  
  99  20:09  Siege Tank  
  99  20:12  SCV x3  
  105  20:15  Liberator x2  
  97  20:48  Hellbat  
  90  20:58  Liberator x2  
  90  21:04  Siege Tank  
  97  21:36  Hellbat, Orbital Command, Siege Tank  
  62  22:53  Orbital Command  
  44  23:13  Siege Tank  
  47  23:27  Siege Tank  
  47  23:28  Hellbat  
  47  23:33  Refinery  
  52  23:40  SCV  
  54  23:48  Orbital Command  
Tags
 
Composition
Bio TankMech
Matchup
TvT
Race
Terran
Add a new tag
Caveats
  • Supply blocks, unpowered buildings, or Contaminate may cause inaccurate times.
  • Supply counts are checked every 10 seconds.